 Dungeon Crawl Stone Soup version 0.20.1-1-g8b1a95d (webtiles) character file.

67 veneficus the Sneak (level 3, -4/16 HPs)
             Began as a Spriggan Enchanter on Nov 3, 2017.
             Killed from afar by a white imp (6 damage)
             ... with a puff of frost
             ... summoned by Natasha
             ... on level 2 of the Dungeon.
             The game lasted 00:04:26 (1840 turns).

veneficus the Sneak (Spriggan Enchanter)            Turns: 1840, Time: 00:04:26

Health: -4/16      AC:  2    Str:  4    XL:     3   Next: 98%
Magic:  2/8        EV: 18    Int: 17    God:
Gold:   44         SH:  0    Dex: 16    Spells: 4/7 levels left

rFire    . . .     SeeInvis +   a - +1 dagger
rCold    . . .     Gourm    .   (shield restricted)
rNeg     . . .     Faith    .   b - +0 robe
rPois    .         Spirit   .   (helmet restricted)
rElec    .         Reflect  .   (no cloak)
rCorr    .         Harm     .   (gloves unavailable)
MR       .....                  (boots unavailable)
Stlth    +++.......             (no amulet)
Regen    0.1/turn               (no ring)
MPRegen  0.2/turn               (no ring)

@: very slightly contaminated, very quick
A: unfitting armour, see invisible, herbivore 3, speed 3, slow metabolism 2
a: no special abilities


You were on level 2 of the Dungeon.
You were not hungry.

You visited 1 branch of the dungeon, and saw 2 of its levels.

You collected 44 gold pieces.

Inventory:

Hand Weapons
 a - a +1 dagger (weapon)
Armour
 b - a +0 robe (worn)
Scrolls
 g - 2 scrolls of blinking {unknown}
 i - a scroll of teleportation {unknown}
 j - a scroll of amnesia {unknown}
Potions
 e - a potion of ambrosia {unknown}
 f - a potion of degeneration {unknown}
 h - a potion of curing {unknown}
Books
 c - a book of Maledictions

   Spells                             Type                      Level
   a - Corona                         Hexes                        1
   b - Ensorcelled Hibernation        Hexes/Ice                    2
   c - Confuse                        Hexes                        3
   d - Tukima's Dance                 Hexes                        3
   e - Dazzling Spray                 Conjuration/Hexes            3
Comestibles
 d - 2 bread rations


   Skills:
 - Level 1.1 Short Blades
 - Level 3.0 Dodging
 + Level 5.9 Stealth
 - Level 2.6 Spellcasting
 * Level 5.0 Hexes


You had 4 spell levels left.
You knew the following spells:

 Your Spells              Type           Power        Failure   Level  Hunger
a - Corona                Hex            ###....      2%          1    #......
z - Ensorcelled Hibernat  Hex/Ice        ##....       10%         2    ##.....


Dungeon Overview and Level Annotations

Branches:
Dungeon (2/15)

Altars:

Annotations:
D:2 Natasha


Innate Abilities, Weirdness & Mutations

You are very small and have problems with some larger weapons.
You are too small for most types of armour.
You have supernaturally acute eyesight. (SInv)
You are a herbivore.
You cover ground extremely quickly.
You need consume almost no food.


Message History

You barely miss Natasha.
Natasha casts a spell.
Warning x2: The white imp can cast Throw Frost!
Natasha can cast Slow, Mephitic Cloud, and Call Imp!
You hit Natasha. Natasha closely misses you.
You hit Natasha. The white imp gestures at you. The puff of frost hits you!
Ouch! That really hurt!
* * * LOW HITPOINT WARNING * * *
Natasha completely misses you.
You take 11 damage, and have 2/16 hp.
MASSIVE DAMAGE!!
Warning x2: The white imp can cast Throw Frost!
Natasha can cast Slow, Mephitic Cloud, and Call Imp!
You see here 24 bolts.
Unknown command.
A bat comes into view.
Warning x2: Natasha can cast Slow, Mephitic Cloud, and Call Imp!
The white imp can cast Throw Frost!
The white imp summons a swarm of flies.
The white imp gestures at you. The puff of frost hits you!
You die...

#.#......... # ....#
#.##...#.... #.#...##
##.##...##.##
.#....###..##......#
#..........##......# #.
#..........##...##.#
#.####...!....><.....##.##
................###..##..#
.# #......@..<.............
...#(......................
......#.##.###.......÷..###
......h....................
........................##.
.......#5##.............###
#..........................
..b.?..(!.†................
.........#(...............#


You could see Natasha and a white imp.

Vanquished Creatures
  Natasha (D:2)
  A worm (D:2)
  2 dart slugs (D:1)
  4 leopard geckos
  A giant cockroach (D:1)
  3 goblins (D:1)
  3 hobgoblins (D:1)
  A quokka (D:2)
  5 bats
  5 kobolds
  4 rats (D:1)
30 creatures vanquished.

Notes
Turn   | Place    | Note
-------+----------+-------------------------------------------
     0 | D:1      | veneficus the Spriggan Enchanter began the quest for the Orb.
     0 | D:1      | Reached XP level 1. HP: 9/9 MP: 5/5
   434 | D:1      | Reached XP level 2. HP: 13/13 MP: 6/6
   438 | D:1      | Learned a level 2 spell: Ensorcelled Hibernation
   751 | D:1      | Reached skill level 5 in Stealth
  1200 | D:1      | Reached XP level 3. HP: 16/16 MP: 8/8
  1461 | D:2      | Noticed Natasha
  1465 | D:2      | Killed Natasha
  1498 | D:2      | Reached skill level 5 in Hexes
  1824 | D:2      | Noticed Natasha
  1840 | D:2      | Killed from afar by a white imp

Skill      XL: |  1  2  3 |
---------------+----------+-----
Hexes          | 4 5 |  5.0
Stealth        | 5 |  5.9
Short Blades   | |  1.1
Dodging        | |  3.0
Spellcasting   | |  2.6

Action                   || total
-------------------------++-------
Melee: Dagger            ||   122
 Cast: Ensorcelled Hiber ||    15
 Stab: Sleeping          ||    18
Armor: Robe              ||    13
Dodge: Dodged            ||    93
